[Event "*** Titled Tuesday Blitz"]
[Site "Chess.com"]
[Date "2021.03.09"]
[Round "10"]
[White "andrzej"]
[Black "suneebaker"]
[Result "1-0"]
[WhiteElo "2370"]
[BlackElo "2222"]
[TimeControl "180+1"]
[EndTime "11:58:22 PST"]
[Termination "andrzej won by resignation"]

1. e4 e5 2. Nf3 Nc6 3. d4 exd4 4.
Nxd4 Qh4 5. Nb5 Nf6 6. N1c3 Bc5 7. g3 Bxf2+ 8. Kxf2 Nxe4+ 9. Nxe4 Qxe4 10. Bd3 Qb4 11. Nxc7+ Kd8 12. Nxa8 b6 13. Bf4 Bb7 14. Nc7 g5 15. a3 Qd4+ 16. Be3 Qf6+ 17. Ke2 Kxc7 18. Rf1 Qh6 19. Bf5 Ne5 20. Qd4 Re8 21. Rad1 Qxh2+ 22. Rf2 Qxg3 23. Bxd7 Re7 24. Qd6+ Kd8 25.
Qb8+ 1-0

[Event "*** Titled Tuesday Blitz"]
[Site "Chess.com"]
[Date "2021.03.09"]
[Round "10"]
[White "Vandros57"]
[Black "Loy_Konstantin"]
[Result "0-1"]
[WhiteElo "2216"]
[BlackElo "2362"]
[TimeControl "180+1"]
[EndTime "11:58:22 PST"]
[Termination "Loy_Konstantin won by checkmate"]

1. d4 Nf6 2. c4 c5 3. d5 b5 4. cxb5 a6 5. bxa6 Bxa6 6. Nc3 g6 7. e4 Bxf1 8. Kxf1 d6 9. Nf3 Bg7 10. g3 Nbd7 11. Kg2 O-O 12. h3 Ra6 13. Qe2 Qa8 14.
a4 e6 15. Rd1 exd5 16. Nxd5 Nxd5 17. Rxd5 Nf6 18. Rd3 Nxe4 19. Rda3 d5 20. a5 Re8 21. Qc2 d4 22. Bd2 c4 23. Bf4 Qd5 24. Ra4 Rc8 25.
b4 d3 26. Qa2 Nc3 27. Qa3 Nxa4 28. Qxa4 Bxa1 29. Qxa1 c3 30. Be5 d2 31. Qd1 c2 32.
Qe2 d1=Q 33. Qxa6 Q5xf3+ 34. Kh2 Qdh1# 0-1

[Event "*** Titled Tuesday Blitz"]
[Site "Chess.com"]
[Date "2021.03.09"]
[Round "10"]
[White "AsaHoffmann"]
[Black "atwalcb"]
[Result "0-1"]
[WhiteElo "2419"]
[BlackElo "2542"]
[TimeControl "180+1"]
[EndTime "11:58:24 PST"]
[Termination "atwalcb won by resignation"]

1. d4 d5 2. Bg5 Nf6 3. Nd2 e6 4. e3 Be7 5. Bd3 O-O 6. f4 c5 7.
c3 Nc6 8. Ngf3 a6 9. O-O b5 10. Ne5 Bb7 11. Qf3 h6 12. Bh4 Nd7 13. Bg3 f5 14. Kh1 c4 15. Bc2 Nf6 16. Bh4 Ne4 17. Bxe7 Nxe7 18. Nxe4 dxe4 19. Qh3 Nc6 20. g4 Nxe5 21.
fxe5 Qg5 22. gxf5 exf5 23. Rg1 Qe7 24. Raf1 f4 25. Qg4 Bd5 26. h3 fxe3 27. Bxe4 Qb7 28.
Qxg7+ Qxg7 29. Bxd5+ Kh8 30. Rxg7 Rxf1+ 0-1

[Event "*** Titled Tuesday Blitz"]
[Site "Chess.com"]
[Date "2021.03.09"]
[Round "10"]
[White "Mbneu"]
[Black "LenkaPtacnikova"]
[Result "1-0"]
[WhiteElo "2283"]
[BlackElo "2127"]
[TimeControl "180+1"]
[EndTime "11:58:24 PST"]
[Termination "Mbneu won by resignation"]

1. d4 Nf6 2. c4 e6 3. Nc3 Bb4 4.
Bg5 h6 5. Bh4 g5 6. Bg3 Ne4 7.
Qc2 d5 8. e3 c6 9. Bd3 Nxc3 10.
bxc3 Be7 11. Ne2 Nd7 12. O-O f5 13. f3 Nf6 14. Be5 O-O 15. e4 dxe4 16. fxe4 f4 17. g3 Ng4 18. gxf4 Ne3 19. Qd2 Nxf1 20. Rxf1 gxf4 21.
Bxf4 Bg5 22. Kh1 Bd7 23. Bxg5 Rxf1+ 24. Kg2 Qxg5+ 25. Qxg5+ hxg5 26. Kxf1 Rf8+ 27. Kg2 c5 28. Ng1 Kg7 29. Nf3 Kh6 30. Ne5 Ba4 31. Ng4+ Kh5 32. Be2 Kh4 33. Ne5 Be8 34. Bg4 Rf4 35. h3 Bh5 36. Nf3+ Rxf3 37. Kxf3 Bf7 38. d5 1-0

[Event "*** Titled Tuesday Blitz"]
[Site "Chess.com"]
[Date "2021.03.09"]
[Round "10"]
[White "Sanyura"]
[Black "wonderfultime"]
[Result "0-1"]
[WhiteElo "2623"]
[BlackElo "2951"]
[TimeControl "180+1"]
[EndTime "11:58:25 PST"]
[Termination "wonderfultime won on time"]

1. e4 c5 2. Nf3 Nf6 3. Nc3 d5 4. exd5 Nxd5 5. Bc4 Nb6 6. Bb5+ Bd7 7. Bxd7+ Qxd7 8.
O-O Nc6 9. Re1 e6 10. d3 Be7 11. Bg5 O-O 12. Qd2 Rfd8 13. h3 Rac8 14. Qf4 Nd4 15. Bxe7 Qxe7 16. Rac1 h6 17. Nxd4 cxd4 18. Ne4 Nd5 19.
Qg3 Nb4 20. a3 Nd5 21. c4 dxc3 22. bxc3 f5 23. Nd2 Nxc3 24. Qe5 Rd5 25. Qe3 f4 26. Qf3 Rdc5 27. Ne4 Ne2+ 28. Qxe2 Rxc1 29. Rxc1 Rxc1+ 30. Kh2 Qc7 31. Qg4 Qe5 32. h4 Qf5 33. Qf3 Rc2 34.
g3 fxg3+ 35. Qxg3 Kh7 0-1

[Event "*** Titled Tuesday Blitz"]
[Site "Chess.com"]
[Date "2021.03.09"]
[Round "10"]
[White "Volodar_Murzin"]
[Black "pastouche06"]
[Result "1-0"]
[WhiteElo "2669"]
[BlackElo "2562"]
[TimeControl "180+1"]
[EndTime "11:58:27 PST"]
[Termination "Volodar_Murzin won by resignation"]

1. e4 c6 2. d4 d5 3. f3 Qb6 4.
Nc3 dxe4 5. fxe4 e5 6. Nf3 exd4 7. Nxd4 Bc5 8. Na4 Qa5+ 9. c3 Be7 10. Bf4 Nf6 11.
Bd3 Bg4 12. Qb3 b5 13. Bxb8 bxa4 14. Qb7 O-O 15. Qxa8 Qb6 16. Qxa7 Rxb8 17. Qxe7 Re8 18. Qb4 Qa7 19. O-O c5 20. Nc6 Qc7 21. Qxa4 Bd7 22.
Bb5 Ng4 23. g3 h5 24. Qa7 1-0

[Event "*** Titled Tuesday Blitz"]
[Site "Chess.com"]
[Date "2021.03.09"]
[Round "10"]
[White "K_A_S_T_O_R"]
[Black "hypert"]
[Result "1-0"]
[WhiteElo "2781"]
[BlackElo "2511"]
[TimeControl "180+1"]
[EndTime "11:58:30 PST"]
[Termination "K_A_S_T_O_R won by resignation"]

1. e4 c5 2. Nf3 e6 3. d4 cxd4 4. Nxd4 Nc6 5. Nb5 d6 6. c4 Nf6 7. N1c3 a6 8. Na3 Qa5 9. Bd3 Be7 10. O-O O-O 11. Nc2 Rd8 12. Ne3 Bd7 13. Bd2 Qe5 14. Kh1 Qd4 15. Qe2 Ne5 16. Bc2 Rac8 17. b3 Ng6 18. f4 Bc6 19. Ned1 b5 20. Be3 Nxf4 21.
Rxf4 Qe5 22. Rc1 b4 23. Nb1 Nxe4 24. Nf2 Nxf2+ 25. Rxf2 Bf6 26. Rcf1 d5 27. cxd5 Qxd5 28. Qg4 h5 29. Qh3 Bb5 30. Re1 Qe5 31. Qg3 h4 32. Qxe5 Bxe5 33. Bg5 f6 34. Bxh4 Rd6 35. Bg3 Bxg3 36. hxg3 e5 37. Bf5 Rcd8 38. Kh2 Kf7 39. g4 g6 40. Be4 Kg7 41. Rc2 Bd7 42. Bf3 Kh6 43. Nd2 Kg5 44. Ne4+ 1-0

[Event "*** Titled Tuesday Blitz"]
[Site "Chess.com"]
[Date "2021.03.09"]
[Round "10"]
[White "m_ezat"]
[Black "Harry_Rakkel"]
[Result "1-0"]
[WhiteElo "2561"]
[BlackElo "2632"]
[TimeControl "180+1"]
[EndTime "11:58:31 PST"]
[Termination "m_ezat won by resignation"]

1. d4 Nf6 2. c4 e6 3. Nc3 Bb4 4.
e3 O-O 5. a3 Bxc3+ 6. bxc3 d6 7. Bd3 c5 8. f3 Nc6 9. Ne2 b6 10. O-O Ba6 11. e4 Ne8 12. f4 Na5 13. f5 exf5 14. exf5 Bxc4 15. f6 Nxf6 16. Bg5 Qe7 17. Ng3 Rae8 18. Nf5 Qe6 19. Nxg7 Qg4 20. Bxf6 Qxd1 21. Raxd1 Re3 22. Bxc4 Nxc4 23. Nf5 h5 24. Rf4 Rxc3 25. Rh4 Kh7 26. Ne7 Kh6 27. g4 1-0

[Event "*** Titled Tuesday Blitz"]
[Site "Chess.com"]
[Date "2021.03.09"]
[Round "10"]
[White "Koalaskakistis"]
[Black "VladimirBugayev"]
[Result "0-1"]
[WhiteElo "2503"]
[BlackElo "2271"]
[TimeControl "180+1"]
[EndTime "11:58:33 PST"]
[Termination "VladimirBugayev won by checkmate"]

1. d4 Nf6 2. Bf4 g6 3. Nf3 d6 4.
Nbd2 d5 5. e3 Bg4 6. Be2 Bxf3 7.
Nxf3 c6 8. h4 h6 9. Ne5 Bg7 10.
g4 Nfd7 11. Nxd7 Nxd7 12. c4 Qa5+ 13. Qd2 Qxd2+ 14. Kxd2 dxc4 15. Bxc4 e5 16. dxe5 Nxe5 17. Be2 O-O-O+ 18. Kc2 Nd7 19. Rad1 Nb6 20. e4 Bd4 21.
f3 c5 22. g5 h5 23. Bf1 Nd7 24.
Bh3 b6 25. b4 Kb7 26. bxc5 bxc5 27. Rb1+ Kc6 28. Bd2 Ne5 29. f4 Nc4 30. Bc1 Rhe8 31. e5 Rb8 32. Bg2+ Kc7 33. Rxb8 Rxb8 34. Bd5 Ne3+ 35.
Kd3 Nxd5 36. Rf1 Nb4+ 37. Ke4 Nxa2 38. Ba3 Nc3+ 39. Kd3 Rb3 40. Bxc5 Bxc5 41. Kc4 Rb1 42. Rf3 Na4 43. f5 Rb4+ 44. Kd5 Rd4# 0-1

[Event "*** Titled Tuesday Blitz"]
[Site "Chess.com"]
[Date "2021.03.09"]
[Round "10"]
[White "XDPS"]
[Black "eldur16"]
[Result "0-1"]
[WhiteElo "2702"]
[BlackElo "2581"]
[TimeControl "180+1"]
[EndTime "11:58:34 PST"]
[Termination "eldur16 won on time"]

1. d4 Nf6 2. Bf4 g6 3. Nc3 d6 4. e4 Bg7 5. Qd2 c6 6. h4 b5 7. Bd3 b4 8. Nce2 a5 9. Bh6 Bxh6 10. Qxh6 Nbd7 11. Nf3 e5 12. dxe5 dxe5 13. Bc4 Ba6 14.
Bxf7+ Kxf7 15. Ng5+ Kg8 16. h5 Qf8 17. hxg6 Qxh6 18.
Rxh6 Kg7 19. Nf7 Rhf8 20. Rh4 hxg6 21. Ng5 Bc4 22. Ng3 Rh8 23. Rxh8 Rxh8 24. O-O-O a4 25. b3 axb3 26. axb3 Bg8 27. Rd6 c5 28. Rc6 Rh2 29.
Rc7 Rxg2 30. Nf3 Rxf2 31. Nxe5 Be6 32. Nd3 Rg2 33. Nf1 Kh6 34. Ne3 Rg1+ 35. Kb2 Nxe4 36. c4 bxc3+ 37. Kc2 Rg3 0-1

[Event "*** Titled Tuesday Blitz"]
[Site "Chess.com"]
[Date "2021.03.09"]
[Round "10"]
[White "Artem_Sadovsky"]
[Black "zverr1"]
[Result "1-0"]
[WhiteElo "2576"]
[BlackElo "2446"]
[TimeControl "180+1"]
[EndTime "11:58:34 PST"]
[Termination "Artem_Sadovsky won by resignation"]

1. Nf3 h6 2. b3 g5 3. Bb2 f6 4.
e4 e5 5. Nxe5 fxe5 6. Qh5+ Ke7 7. Bxe5 Nf6 8. Qg6 Ke6 9. d4 Be7 10. Bc4+ d5 11. exd5+ Kd7 12. O-O Qe8 13. Qd3 Kd8 14.
Nc3 a6 15. Rfe1 Nbd7 16. a4 Rf8 17. a5 Nh5 18. d6 cxd6 19. Bxd6 Bxd6 20. Rxe8+ Rxe8 21. Qg6 Nf4 22. Qxd6 1-0

[Event "*** Titled Tuesday Blitz"]
[Site "Chess.com"]
[Date "2021.03.09"]
[Round "10"]
[White "KonstantinB_1983"]
[Black "miredenizdogan"]
[Result "1-0"]
[WhiteElo "2470"]
[BlackElo "2252"]
[TimeControl "180+1"]
[EndTime "11:58:34 PST"]
[Termination "KonstantinB_1983 won by resignation"]

1. e4 c5 2. Nf3 d6 3. c3 Nf6 4.
Be2 Nc6 5. d3 e5 6. h3 h6 7. O-O Be7 8. Re1 O-O 9. Bf1 b5 10. d4 cxd4 11. Bxb5 Bb7 12. cxd4 exd4 13. Nxd4 Nxd4 14. Qxd4 Nxe4 15. Rxe4 Bf6 16. Qd3 Bxe4 17. Qxe4 Qa5 18. Na3 d5 19. Qe2 a6 20. Bd3 Rfe8 21.
Qf3 Re1+ 22. Kh2 Be5+ 23. g3 Qc7 24. Nc2 Bxg3+ 25. Qxg3 Qxg3+ 26. Kxg3 Rd1 27. Be2 Rg1+ 28. Kh2 Rg6 29. Be3 Re6 30. Bf3 Rc8 31. Nd4 Re5 32. Bf4 Ree8 33. Rd1 Rc4 34. Bxd5 Rb4 35. Bb3 Rd8 36.
Be3 Rd6 37. Kg3 1-0

[Event "*** Titled Tuesday Blitz"]
[Site "Chess.com"]
[Date "2021.03.09"]
[Round "10"]
[White "IMVoja"]
[Black "BegmuratovKh2010"]
[Result "0-1"]
[WhiteElo "2410"]
[BlackElo "2547"]
[TimeControl "180+1"]
[EndTime "11:58:35 PST"]
[Termination "BegmuratovKh2010 won on time"]

1. e4 c5 2. Nf3 d6 3. d4 cxd4 4.
Nxd4 Nf6 5. Nc3 g6 6. h3 Bg7 7.
Be3 O-O 8. g3 a6 9. Bg2 Nbd7 10.
O-O Qc7 11. a4 Rb8 12. a5 Ne5 13. Re1 Nc4 14. Bc1 Nxa5 15. Nd5 Nxd5 16. exd5 Nc4 17. c3 Re8 18. b3 Ne5 19. c4 Nd7 20. Rb1 Nc5 21. g4 Bd7 22. Bg5 b5 23. Bxe7 bxc4 24. b4 Nd3 25. Re4 Bxd4 26. Rxd4 Rxe7 27. Bf1 Ne5 28. f4 Qb6 29. Kg2 Nd3 30. Rxc4 Qf2+ 31. Kh1 Ne1 0-1

[Event "*** Titled Tuesday Blitz"]
[Site "Chess.com"]
[Date "2021.03.09"]
[Round "10"]
[White "ikhasu"]
[Black "AlphaZ3r0"]
[Result "1-0"]
[WhiteElo "2392"]
[BlackElo "2256"]
[TimeControl "180+1"]
[EndTime "11:58:35 PST"]
[Termination "ikhasu won by resignation"]

1. d4 d5 2. Bf4 Nf6 3. e3 e6 4.
Nd2 Bd6 5. Bg3 O-O 6. Bd3 c5 7. c3 Qc7 8. f4 b6 9. Ngf3 Bb7 10. O-O cxd4 11. exd4 Bxf4 12. Bxf4 Qxf4 13. Ne5 Qe3+ 14.
Kh1 Nbd7 15. Rf3 Qh6 16. Rh3 Qxh3 17. gxh3 Nxe5 18. dxe5 Nd7 19. Nf3 f6 20. exf6 Rxf6 21. Nd4 Raf8 22. Qg4 Ne5 23. Bxh7+ Kxh7 24. Qh5+ Rh6 25.
Qxe5 Rff6 26. Rg1 Rxh3 27. Qg5 Rf7 28. Qg6+ Kg8 29. Qxe6 Rh6 30. Qxh6 1-0

[Event "*** Titled Tuesday Blitz"]
[Site "Chess.com"]
[Date "2021.03.09"]
[Round "10"]
[White "Goryachkina"]
[Black "erdni1993"]
[Result "1-0"]
[WhiteElo "2669"]
[BlackElo "2528"]
[TimeControl "180+1"]
[EndTime "11:58:36 PST"]
[Termination "Goryachkina won by checkmate"]

1. Nf3 Nf6 2. g3 e6 3. Bg2 Be7 4.
O-O O-O 5. c4 d5 6. b3 b6 7. Bb2 Bb7 8. d4 dxc4 9. bxc4 Nbd7 10. Nc3 a6 11. Qd3 h6 12. Rfd1 Rc8 13. e4 Ne8 14. e5 Bxf3 15. Qxf3 c5 16. d5 Nxe5 17.
Qe2 Bf6 18. dxe6 Qe7 19. Nd5 Qxe6 20. Nxf6+ gxf6 21. Bd5 Qf5 22. f4 Ng6 23. Be4 Qh3 24. Rd5 Ng7 25. Bxf6 Rce8 26. Qd3 Nh5 27. Bb2 Nhxf4 28.
gxf4 Nxf4 29. Bh7# 1-0

[Event "*** Titled Tuesday Blitz"]
[Site "Chess.com"]
[Date "2021.03.09"]
[Round "10"]
[White "Cambek64"]
[Black "Milchone1"]
[Result "1-0"]
[WhiteElo "2432"]
[BlackElo "2525"]
[TimeControl "180+1"]
[EndTime "11:58:36 PST"]
[Termination "Cambek64 won by resignation"]

1. e4 e5 2. Nf3 Nc6 3. Bc4 Nf6 4.
Ng5 d5 5. exd5 Na5 6. Bb5+ c6 7.
dxc6 bxc6 8. Bd3 h6 9. Ne4 Nd5 10. O-O Be7 11. Ng3 Nf4 12. Bf5 Bb7 13. d4 g6 14. Be4 f5 15. dxe5 Nd5 16. Bxd5 cxd5 17. f4 O-O 18. Be3 Nc4 19. Bd4 Rc8 20. Nd2 Ba6 21.
Nxc4 Rxc4 22. Rf2 Qc7 23. c3 Rb8 24. Qf3 Qc6 25. Rd1 Rb7 26. Nf1 Ra4 27. Ne3 Rxa2 28. Nxd5 Qe6 29. b4 Rxf2 30. Bxf2 Bf8 31. h3 Kf7 32.
Nf6 Rc7 33. Bc5 Bb7 34. Qf2 Bxc5 35. bxc5 Qc6 36. Rd6 Qxc5 37. Qxc5 Rxc5 38. Rd7+ Ke6 39. Rxb7 Rxc3 40. Rxa7 g5 41. Ra6+ Ke7 42. fxg5 Rc1+ 43. Kh2 hxg5 44. Nd5+ Kd7 45. e6+ Kd8 46. Ra8+ 1-0

[Event "*** Titled Tuesday Blitz"]
[Site "Chess.com"]
[Date "2021.03.09"]
[Round "10"]
[White "tk22h"]
[Black "Moon_stone123"]
[Result "1-0"]
[WhiteElo "2369"]
[BlackElo "2487"]
[TimeControl "180+1"]
[EndTime "11:58:37 PST"]
[Termination "tk22h won by resignation"]

1. c4 Nf6 2. Nc3 g6 3. e4 d6 4. d4 Bg7 5. f3 O-O 6. Be3 Nc6 7. Qd2 a6 8. Rc1 e5 9. d5 Nd4 10. Nge2 c5 11. dxc6 Nxc6 12. Ng3 h5 13. Bd3 h4 14. Nge2 Nh5 15. O-O f5 16. Bg5 Bf6 17. Bxf6 Qxf6 18.
Nd5 Qf7 19. Qg5 h3 20. g4 Ng7 21. gxf5 gxf5 22. Ng3 f4 23. Nf5 Bxf5 24. exf5 Qh5 25. Qxh5 Nxh5 26. Kh1 Kf7 27. Rg1 Rg8 28. Rxg8 Rxg8 29.
Rg1 Rxg1+ 30. Kxg1 Nf6 31. Nxf6 Kxf6 32. Bf1 Nd4 33.
Kf2 Nxf5 34. Bxh3 Ne7 35. Ke2 Nc6 36. Bc8 Na5 37. Kd3 Ke7 38. b4 Nc6 39. a3 Nd8 40.
Ke4 b5 41. Bxa6 bxc4 42. Bxc4 Nc6 43. Bd5 Nd4 44. a4 Ne2 45. Kd3 Nc1+ 46. Kc4 Kd7 47. h4 Ne2 48. h5 Ke7 49. a5 Nd4 50. a6 1-0

[Event "*** Titled Tuesday Blitz"]
[Site "Chess.com"]
[Date "2021.03.09"]
[Round "10"]
[White "HackingKid98"]
[Black "Fortitudine"]
[Result "1-0"]
[WhiteElo "2452"]
[BlackElo "2294"]
[TimeControl "180+1"]
[EndTime "11:58:38 PST"]
[Termination "HackingKid98 won by resignation"]

1. c4 Nf6 2. g3 c5 3. Bg2 g6 4. Nf3 Bg7 5. Nc3 O-O 6. O-O d6 7. d4 cxd4 8. Nxd4 Nc6 9. Nb3 Be6 10. c5 Bxb3 11. Qxb3 Na5 12. Qa3 dxc5 13. Qxc5 b6 14.
Qb5 Rc8 15. Rd1 Qc7 16. Bf4 Qc4 17. Rac1 Nh5 18. b3 Qxb5 19. Nxb5 Nxf4 20. gxf4 Bb2 21. Rb1 Bf6 22. Rdc1 Rxc1+ 23. Rxc1 Rd8 24. b4 a6 25. bxa5 axb5 26. a6 1-0

[Event "*** Titled Tuesday Blitz"]
[Site "Chess.com"]
[Date "2021.03.09"]
[Round "10"]
[White "Vaathi_Coming"]
[Black "AlexPapasimakopoulos"]
[Result "1-0"]
[WhiteElo "2806"]
[BlackElo "2608"]
[TimeControl "180+1"]
[EndTime "11:58:40 PST"]
[Termination "Vaathi_Coming won by checkmate"]

1. Nf3 f5 2. h3 d6 3. g4 fxg4 4. hxg4 Bxg4 5. d4 Bxf3 6. exf3 e5 7. Bd3 Qf6 8. Nc3 Nc6 9. Ne4 Qe7 10. d5 Nd8 11.
Bg5 Nf6 12. f4 Nf7 13. Bxf6 gxf6 14. Bb5+ Kd8 15. Qh5 a6 16. Bd3 Bh6 17. f5 Kc8 18. Ke2 Kb8 19. Qf3 Ka7 20. Rxh6 Nxh6 21. Qe3+ b6 22.
Qxh6 Raf8 23. a4 Qf7 24. a5 b5 25. c4 Rb8 26. b3 bxc4 27. Bxc4 Qf8 28. Qe3+ Kb7 29.
Rc1 Ra8 30. Bd3 h5 31. Rc6 h4 32. Nxd6+ Kb8 33. Rb6+ cxb6 34. Qxb6# 1-0

[Event "*** Titled Tuesday Blitz"]
[Site "Chess.com"]
[Date "2021.03.09"]
[Round "10"]
[White "zacachess"]
[Black "anon102030"]
[Result "0-1"]
[WhiteElo "2483"]
[BlackElo "2677"]
[TimeControl "180+1"]
[EndTime "11:58:40 PST"]
[Termination "anon102030 won by resignation"]

1. e4 e5 2. Nf3 Nc6 3. d4 exd4 4. Nxd4 Bc5 5. Be3 Qf6 6. c3 Nge7 7. g3 O-O 8. Bg2 d6 9. O-O Ne5 10. h3 Nc4 11. Bc1 Nc6 12. Ne2 Re8 13. Nf4 a5 14. Nd5 Qd8 15. b3 Nb6 16. Ba3 Nxd5 17. exd5 Ne5 18.
Bxc5 dxc5 19. Nd2 Bf5 20. Nc4 Nxc4 21. bxc4 Qd6 22. Qd2 Re7 23. Rfe1 Rae8 24. f4 h5 25. h4 Be4 26. Bxe4 Rxe4 27. Rxe4 Rxe4 28. Re1 Qe7 29.
Kf2 Rxe1 30. Qxe1 Qxe1+ 31. Kxe1 Kh7 32. Ke2 Kg6 33. Kf3 Kf5 34. a3 a4 35. Kf2 Ke4 36.
Ke2 f5 37. Kd2 Kf3 38. Kd3 Kxg3 39. Ke3 Kxh4 40. Kf3 g5 41. fxg5 Kxg5 42. Kg3 f4+ 43. Kf3 Kf5 0-1

[Event "*** Titled Tuesday Blitz"]
[Site "Chess.com"]
[Date "2021.03.09"]
[Round "10"]
[White "Ranindu2003"]
[Black "Atco84"]
[Result "1-0"]
[WhiteElo "2608"]
[BlackElo "2440"]
[TimeControl "180+1"]
[EndTime "11:58:40 PST"]
[Termination "Ranindu2003 won by resignation"]

1. d4 e6 2. Bf4 c5 3. e3 Nc6 4. Nf3 Nf6 5. Nbd2 d5 6. c3 Bd6 7. Bg3 O-O 8. Bd3 b6 9. Qe2 Bb7 10. Rd1 Re8 11. e4 cxd4 12. e5 dxc3 13. bxc3 Be7 14.
exf6 Bxf6 15. Ne5 Rc8 16. O-O Nxe5 17. Bxe5 Bxe5 18. Qxe5 Qc7 19. Qxc7 Rxc7 20. c4 Rec8 21. cxd5 Bxd5 22. a4 Rc5 23. Ba6 R8c7 24. Nf3 Ra5 25. Bb5 a6 26. Rc1 Rxc1 27. Rxc1 g6 28. Rc8+ Kg7 29.
Be8 f5 30. h4 Bxf3 31. gxf3 h6 32. Rb8 b5 33. axb5 axb5 34. Rxb5 Ra8 35. Bc6 Ra6 36.
Rb7+ Kf6 37. Be8 g5 38. h5 Ke5 39. Rh7 Kf4 40. Kg2 e5 41. Bg6 g4 42. fxg4 Kxg4 43.
Rxh6 Ra2 44. Rh8 e4 45. Re8 Kg5 46. Re5 1-0

[Event "*** Titled Tuesday Blitz"]
[Site "Chess.com"]
[Date "2021.03.09"]
[Round "10"]
[White "Funo09"]
[Black "JimmmyZhang"]
[Result "0-1"]
[WhiteElo "2731"]
[BlackElo "2497"]
[TimeControl "180+1"]
[EndTime "11:58:41 PST"]
[Termination "JimmmyZhang won by checkmate"]

1. e4 e5 2. Nf3 Nc6 3. Bb5 Nge7 4. O-O g6 5. c3 Bg7 6. d4 exd4 7. cxd4 d5 8. e5 O-O 9. h3 a6 10. Ba4 b5 11.
Bc2 Bf5 12. Nc3 Bxc2 13. Qxc2 f6 14. exf6 Bxf6 15. Bh6 Re8 16. Rfe1 Qd6 17. Qd2 Nf5 18. Bf4 Qd7 19. Ne5 Bxe5 20. dxe5 Ncd4 21. b4 c6 22. Rad1 a5 23. bxa5 Nf3+ 24. gxf3 Nh4 25. Kf1 Qxh3+ 26. Ke2 Qxf3+ 27. Kf1 Rf8 28. Be3 Qg2+ 29.
Ke2 Qg4+ 30. Kd3 Qf5+ 31. Ke2 Qg4+ 32. Kf1 Nf3 33. Qd3 Nh2# 0-1

[Event "*** Titled Tuesday Blitz"]
[Site "Chess.com"]
[Date "2021.03.09"]
[Round "10"]
[White "Bigfish1995"]
[Black "Nf3c5"]
[Result "1-0"]
[WhiteElo "3063"]
[BlackElo "2630"]
[TimeControl "180+1"]
[EndTime "11:58:41 PST"]
[Termination "Bigfish1995 won by resignation"]

1. g4 d5 2. h3 c6 3. Bg2 e5 4.
d3 h5 5. g5 h4 6. e4 Ne7 7.
exd5 cxd5 8. f4 exf4 9. Ne2 Ng6 10. Nxf4 Nxf4 11. Bxf4 Bc5 12. Nc3 Be6 13. Qe2 Be7 14.
g6 O-O 15. O-O Nc6 16. Rae1 Nd4 17. Qf2 Bf6 18. Be5 Bxe5 19. Rxe5 Nc6 20. Rxd5 Qb6 21. Rb5 Qxf2+ 22. Rxf2 Rab8 23. gxf7+ Bxf7 24. Ne4 Nd4 25. Rb4 Rfd8 26. Ng5 Bh5 27. c3 Ne2+ 28. Kh2 Rxd3 29. Rxh4 Ng3 30. Ne4 Nxe4 31. Bxe4 Re3 32. Bd5+ 1-0

[Event "*** Titled Tuesday Blitz"]
[Site "Chess.com"]
[Date "2021.03.09"]
[Round "10"]
[White "Leonid_Starozhilov"]
[Black "SF-96"]
[Result "1-0"]
[WhiteElo "2691"]
[BlackElo "2547"]
[TimeControl "180+1"]
[EndTime "11:58:41 PST"]
[Termination "Leonid_Starozhilov won by checkmate"]

1. b3 e5 2. Bb2 Nc6 3. e3 Nf6 4. Bb5 Bd6 5. Ne2 O-O 6. Bxc6 bxc6 7. Nbc3 Re8 8. Ng3 Bf8 9. e4 d5 10. d3 Bg4 11. Qd2 a5 12. O-O Bb4 13. a3 Bc5 14.
h3 Bc8 15. Na4 Ba7 16. Qe2 Ba6 17. Rae1 d4 18. Bc1 Bb5 19. Nb2 a4 20. Nxa4 Bxa4 21. bxa4 Bc5 22. f4 exf4 23. Bxf4 Nd5 24. Qg4 Nxf4 25. Rxf4 g6 26. Ref1 Rf8 27. Nf5 h5 28. Nh6+ Kh7 29. Rxf7+ Kxh6 30. Qf4+ g5 31. Qf6+ Qxf6 32.
R1xf6# 1-0

[Event "*** Titled Tuesday Blitz"]
[Site "Chess.com"]
[Date "2021.03.09"]
[Round "10"]
[White "atbenina64"]
[Black "imdvb6307"]
[Result "1-0"]
[WhiteElo "2518"]
[BlackElo "2385"]
[TimeControl "180+1"]
[EndTime "11:58:46 PST"]
[Termination "atbenina64 won by resignation"]

1. e4 e5 2. Nf3 Nf6 3. Nxe5 d6 4. Nf3 Nxe4 5. Nc3 Nf6 6. d4 Be7 7. Bd3 O-O 8. h3 Nc6 9. O-O d5 10. Re1 Nb4 11. Bg5 Nxd3 12. Qxd3 h6 13. Rxe7 hxg5 14. Nxg5 g6 15. Nxf7 Bf5 16. Nh6+ Kh8 17. Nxf5 gxf5 18.
Rae1 Ne4 19. Re5 c6 20. f3 Ng3 21. Ne2 Qg5 22. Nxg3 Qxg3 23. R1e2 Rf7 24. Rxf5 Rg7 25. Rh5+ Kg8 26. Qf5 Rg6 27. Qd7 Rg7 28. Qe6+ Rf7 29.
Qh6 Rg7 30. Qh8+ Kf7 31. Qxa8 Qf4 32. Qe8+ 1-0

[Event "*** Titled Tuesday Blitz"]
[Site "Chess.com"]
[Date "2021.03.09"]
[Round "10"]
[White "Fighter008"]
[Black "CrushingKings"]
[Result "0-1"]
[WhiteElo "2613"]
[BlackElo "2442"]
[TimeControl "180+1"]
[EndTime "11:58:47 PST"]
[Termination "CrushingKings won by resignation"]

1. e4 g6 2. Nc3 Bg7 3. h4 h5 4. d4 c6 5. Nf3 d5 6. exd5 cxd5 7. Bb5+ Nc6 8. Bf4 Bg4 9. Qd2 Bxf3 10. gxf3 e6 11.
O-O-O Qb6 12. Bxc6+ Qxc6 13. Be5 Bh6 14. Bf4 Rc8 15.
Kb1 b5 16. Bg5 b4 17. Ne2 Bxg5 18. hxg5 a5 19. Nf4 Ne7 20. Nd3 Nf5 21. Ne5 Qc7 22. Ng4 Kf8 23. Ne5 Kg7 24. Rc1 Qa7 25. Rhd1 h4 26. Qf4 h3 27. Ng4 Qc7 28. Qd2 h2 29. Rh1 Rh3 30. f4 Rch8 31. Rce1 R8h4 32. Ne5 Nd6 33.
f3 Nc4 34. Qc1 Nxe5 35. fxe5 Rxd4 36. Qe3 Qc4 37. Re2 Rf4 38. b3 Qd4 39. Qxd4 Rxd4 40. Rexh2 Rxh2 41. Rxh2 Rf4 42. Rh8 Kxh8 0-1

[Event "*** Titled Tuesday Blitz"]
[Site "Chess.com"]
[Date "2021.03.09"]
[Round "10"]
[White "mary-sanna"]
[Black "jd001"]
[Result "0-1"]
[WhiteElo "2071"]
[BlackElo "2227"]
[TimeControl "180+1"]
[EndTime "11:58:47 PST"]
[Termination "jd001 won by checkmate"]

1. d4 e6 2. Bf4 f5 3. h3 Nf6 4. e3 c5 5. c3 Qb6 6. Qb3 Nc6 7.
Nd2 d6 8. Qxb6 axb6 9. Bb5 Nd5 10. Bg3 Bd7 11. Nc4 f4 12. Bxf4 Nxf4 13. exf4 cxd4 14. Nxb6 Ra5 15. Nxd7 Rxb5 16. f5 Kxd7 17. fxe6+ Kxe6 18. cxd4 Rxb2 19. O-O-O Rb5 20. a4 Ra5 21.
Nf3 h6 22. Rhe1+ Kf7 23. g4 Be7 24. h4 Rc8 25. Kb2 Rxa4 26. d5 Ne5 27. g5 Nxf3 28. Re3 Ne5 29. gxh6 gxh6 30. h5 Bf6 31. f4 Ng4+ 32.
Kb3 Nxe3 33. Kxa4 Nxd1 34. f5 Rc5 35. Kb4 Ne3 36. Kb3 Nxd5 37. Ka3 Be5 38. Ka2 Kf6 39. Kb3 Kxf5 40. Ka4 Nf4 41. Kb3 Nxh5 42. Ka4 Nf4 43. Kb4 Nd5+ 44. Ka3 Ke4 45. Kb3 Kd4 46. Ka4 Kc3 47. Ka3 Ra5# 0-1

[Event "*** Titled Tuesday Blitz"]
[Site "Chess.com"]
[Date "2021.03.09"]
[Round "10"]
[White "PaulfromSPb"]
[Black "Jospem"]
[Result "1-0"]
[WhiteElo "2743"]
[BlackElo "2918"]
[TimeControl "180+1"]
[EndTime "11:58:48 PST"]
[Termination "PaulfromSPb won by resignation"]

1. e4 e5 2. d4 exd4 3. c3 d5 4. exd5 Nf6 5. Nf3 Nxd5 6. Qxd4 Nc6 7. Bb5 Be7 8. O-O O-O 9. Qa4 Nb6 10. Qc2 Qd5 11. Bd3 h6 12. Bf4 Bg4 13. Be4 Qh5 14. h3 Be6 15. Re1 Nd5 16. Bh2 Nf6 17. Bxc6 bxc6 18.
Bxc7 Nd5 19. Bg3 Bf6 20. Nbd2 Bf5 21. Ne4 Bxh3 22. Nxf6+ Nxf6 23. Re5 g5 24. Rae1 Bd7 25. Qd2 Rad8 26. Nxg5 Ng4 27. Ne4 Qg6 28. Ra5 Bf5 29. Nd6 Be6 30. Qe2 h5 31. f3 Nf6 32. Bf4 Nh7 33. Qe5 h4 34. Kh2 Rd7 35. Qc5 Rfd8 36.
Qxc6 Qf6 37. Be5 Qh6 38. Ra4 h3 39. Nf5 Qd2 40. Rg4+ Ng5 41. Rd1 Qxd1 42. Rxg5+ Kf8 43. Qc5+ Rd6 44. Bxd6+ 1-0